IL
TOLEDO MUD HENS @ TACOMA RAINIERS
08/04/2045
 
TOP OF THE 1ST
Toledo Mud Hens batting - Pitching for Tacoma Rainiers : RHP Justin Wilkins
Pitching: RHP Justin Wilkins
Batting: SHB Adam Weber 0-0: Called Strike
0-1: Ground out U3 (Groundball, 13, EV 85.6 MPH)
Batting: SHB Raul Morales 0-0: Fly out, F7 (Flyball, 78D, EV 103.1 MPH)
Batting: LHB Andy Schumacher 0-0: Foul Ball, location: 2F
0-1: Called Strike
0-2: Ball
1-2: Strikes out swinging
Top of the 1st over - 0 runs, 0 hits, 0 errors, 0 left on base; Toledo 0 - Tacoma 0
BOTTOM OF THE 1ST
Tacoma Rainiers batting - Pitching for Toledo Mud Hens : RHP Jason Williams
Pitching: RHP Jason Williams
Batting: SHB Tony de Lara 0-0: Called Strike
0-1: Ground out U3 (Groundball, 3, EV 100.6 MPH)
Batting: RHB Kevin Chafe 0-0: Called Strike
0-1: Called Strike
0-2: DOUBLE (Line Drive, 78D, EV 103.1 MPH)
Batting: RHB Eddie LaRose 0-0: Ball
1-0: SINGLE (Groundball, 3D, EV 93.8 MPH)
Kevin Chafe to third
Runner from 3rd tries for Home, SAFE, throw by RF to home
Batting: LHB Cliff Thomas 0-0: Called Strike
0-1: Ball
1-1: Ball
2-1: Ball
3-1: Foul Ball, location: 2F
3-2: Ground out 4-3 (Groundball, 4, EV 84.4 MPH)
Eddie LaRose to second
Batting: RHB Liu-liang Lei 0-0: Ball
1-0: Ball
2-0: Swinging Strike
2-1: Fly out, F8 (Flyball, 8LD, EV 91.2 MPH)
Bottom of the 1st over - 1 run, 2 hits, 0 errors, 1 left on base; Toledo 0 - Tacoma 1
TOP OF THE 2ND
Toledo Mud Hens batting - Pitching for Tacoma Rainiers : RHP Justin Wilkins
Batting: RHB Tim Borden 0-0: Called Strike
0-1: Foul Ball, location: 2F
0-2: Ball
1-2: Fly out, F9 (Flyball, 9LM, EV 106.9 MPH)
Batting: SHB Jamie Roberts 0-0: Ball
1-0: Called Strike
1-1: Ground out U3 (Groundball, 3L, EV 97.5 MPH)
Batting: RHB Zach Koblinski 0-0: Called Strike
0-1: Called Strike
0-2: Ball
1-2: Foul Ball, location: 2F
1-2: Ball
2-2: Foul Ball, location: 2F
2-2: Foul Ball, location: 2F
2-2: Foul Ball, location: 2F
2-2: Foul Ball, location: 2F
2-2: Fly out, F4 (Popup, 4MD, EV 61.2 MPH)
Top of the 2nd over - 0 runs, 0 hits, 0 errors, 0 left on base; Toledo 0 - Tacoma 1
BOTTOM OF THE 2ND
Tacoma Rainiers batting - Pitching for Toledo Mud Hens : RHP Jason Williams
Batting: SHB Ismael Bello 0-0: Ball
1-0: Ball
2-0: Foul Ball, location: 2F
2-1: Foul Ball, location: 2F
2-2: Fly out, F7 (Flyball, 7D, EV 104.4 MPH)
Batting: RHB Sumiki Ryu 0-0: Called Strike
0-1: Foul Ball, location: 2F
0-2: Fly out, F4 (Flyball, 4D, EV 96.9 MPH)
Batting: RHB Matt Berkley 0-0: Called Strike
0-1: Ball
1-1: DOUBLE (Line Drive, 5D, EV 98.8 MPH)
Batting: RHB Jim Begger 0-0: Fly out, F8 (Flyball, 8RD, EV 101.2 MPH)
Bottom of the 2nd over - 0 runs, 1 hit, 0 errors, 1 left on base; Toledo 0 - Tacoma 1
TOP OF THE 3RD
Toledo Mud Hens batting - Pitching for Tacoma Rainiers : RHP Justin Wilkins
Batting: RHB Paul Wood 0-0: Called Strike
0-1: Called Strike
0-2: Ball
1-2: Strikes out swinging
Batting: RHB Casey Knutson 0-0: Ground out 5-3 (Groundball, 56, EV 83.8 MPH)
Batting: RHB Joel Miller 0-0: Called Strike
0-1: Fly out, F9 (Flyball, 9, EV 80.0 MPH)
Top of the 3rd over - 0 runs, 0 hits, 0 errors, 0 left on base; Toledo 0 - Tacoma 1
BOTTOM OF THE 3RD
Tacoma Rainiers batting - Pitching for Toledo Mud Hens : RHP Jason Williams
Batting: SHB Tony de Lara 0-0: Called Strike
0-1: Ball
1-1: Ball
2-1: Foul Ball, location: 2F
2-2: Fly out, F7 (Line Drive, 7, EV 98.1 MPH)
Batting: RHB Kevin Chafe 0-0: Fly out, F7 (Line Drive, 7D, EV 93.8 MPH)
Batting: RHB Eddie LaRose 0-0: Ground out 4-3 (Groundball, 4, EV 83.1 MPH)
Bottom of the 3rd over - 0 runs, 0 hits, 0 errors, 0 left on base; Toledo 0 - Tacoma 1
TOP OF THE 4TH
Toledo Mud Hens batting - Pitching for Tacoma Rainiers : RHP Justin Wilkins
Batting: SHB Adam Weber 0-0: Hit by Pitch
Batting: SHB Raul Morales 0-0: Called Strike
0-1: Ball
1-1: 2-RUN HOME RUN (Flyball, 89XD, EV 113.1 MPH), Distance : 417 ft
Batting: LHB Andy Schumacher 0-0: Ball
1-0: SINGLE (Line Drive, 7S, EV 90.0 MPH)
Batting: RHB Tim Borden 0-0: 2-RUN HOME RUN (Flyball, 7D, EV 98.1 MPH), Distance : 372 ft
Batting: SHB Jamie Roberts 0-0: Ball
1-0: Swinging Strike
1-1: Ball
2-1: Ball
3-1: Foul Ball, location: 2F
3-2: Fly out, F8 (Flyball, 89M, EV 94.4 MPH)
Batting: RHB Zach Koblinski 0-0: Ball
1-0: Ball
2-0: Swinging Strike
2-1: Ball
3-1: Called Strike
3-2: Strikes out swinging
Batting: RHB Paul Wood 0-0: Ball
1-0: Called Strike
1-1: Foul Ball, location: 2F
1-2: Strikes out swinging
Top of the 4th over - 4 runs, 3 hits, 0 errors, 0 left on base; Toledo 4 - Tacoma 1
BOTTOM OF THE 4TH
Tacoma Rainiers batting - Pitching for Toledo Mud Hens : RHP Jason Williams
Batting: LHB Cliff Thomas 0-0: Ball
1-0: Ball
2-0: Swinging Strike
2-1: Foul Ball, location: 2F
2-2: Fly out, F4 (Flyball, 34D, EV 82.5 MPH)
Batting: RHB Liu-liang Lei 0-0: Called Strike
0-1: Called Strike
0-2: Hit by Pitch
Batting: SHB Ismael Bello 0-0: Ball
1-0: SINGLE (Line Drive, 34D, EV 99.4 MPH)
Liu-liang Lei to second
Batting: RHB Sumiki Ryu 0-0: Ball
1-0: Ball
2-0: Ball
3-0: Called Strike
3-1: Grounds into double play, 5-4-3 (Groundball, 5, EV 88.1 MPH)
Bottom of the 4th over - 0 runs, 1 hit, 0 errors, 1 left on base; Toledo 4 - Tacoma 1
TOP OF THE 5TH
Toledo Mud Hens batting - Pitching for Tacoma Rainiers : RHP Justin Wilkins
Batting: RHB Casey Knutson 0-0: Foul Ball, location: 2F
0-1: Ball
1-1: Ball
2-1: Foul Ball, location: 2F
2-2: Ball
3-2: Base on Balls
Batting: RHB Joel Miller 0-0: Fly out, F9 (Flyball, 9S, EV 89.4 MPH)
Batting: SHB Adam Weber 0-0: Ball
1-0: Ball
2-0: Ball
3-0: Called Strike
3-1: Fielders Choice at 2nd, 6-4 (Groundball, 6, EV 106.2 MPH)
Batting: SHB Raul Morales 0-0: Ball
Adam Weber is caught stealing 2nd base 2-6
Top of the 5th over - 0 runs, 0 hits, 0 errors, 0 left on base; Toledo 4 - Tacoma 1
BOTTOM OF THE 5TH
Tacoma Rainiers batting - Pitching for Toledo Mud Hens : RHP Jason Williams
Batting: RHB Matt Berkley 0-0: Ball
1-0: Called Strike
1-1: Foul Ball, location: 2F
1-2: Ball
2-2: Ball
3-2: Ground out 5-3 (Groundball, 56, EV 81.2 MPH)
Batting: RHB Jim Begger 0-0: Ball
1-0: Called Strike
1-1: Swinging Strike
1-2: Ball
2-2: Ground out 6-3 (Groundball, 6, EV 101.9 MPH)
Batting: SHB Tony de Lara 0-0: Ball
1-0: Swinging Strike
1-1: Swinging Strike
1-2: Ball
2-2: Ball
3-2: Strikes out swinging
Bottom of the 5th over - 0 runs, 0 hits, 0 errors, 0 left on base; Toledo 4 - Tacoma 1
TOP OF THE 6TH
Toledo Mud Hens batting - Pitching for Tacoma Rainiers : RHP Justin Wilkins
Batting: SHB Raul Morales 0-0: Ball
1-0: Ball
2-0: Ground out 3-1 (Groundball, 34S, EV 76.9 MPH)
Batting: LHB Andy Schumacher 0-0: Ball
1-0: Foul Ball, location: 2F
1-1: Called Strike
1-2: Ball
2-2: Foul Ball, location: 2F
2-2: Strikes out looking
Batting: RHB Tim Borden 0-0: Ball
1-0: Foul Ball, location: 2F
1-1: Ball
2-1: SINGLE (Line Drive, 9LS, EV 101.9 MPH)
Batting: SHB Jamie Roberts 0-0: Ball
1-0: Called Strike
1-1: Called Strike
1-2: Ball
2-2: Fly out, F8 (Flyball, 89D, EV 110.0 MPH)
Top of the 6th over - 0 runs, 1 hit, 0 errors, 1 left on base; Toledo 4 - Tacoma 1
BOTTOM OF THE 6TH
Tacoma Rainiers batting - Pitching for Toledo Mud Hens : RHP Jason Williams
Batting: RHB Kevin Chafe 0-0: Ball
1-0: Called Strike
1-1: Called Strike
1-2: Ball
2-2: Foul Ball, location: 2F
2-2: Strikes out looking
Batting: RHB Eddie LaRose 0-0: Ball
1-0: Ball
2-0: Called Strike
2-1: Ball
3-1: Foul Ball, location: 2F
3-2: Base on Balls
Batting: LHB Cliff Thomas 0-0: Ball
1-0: Called Strike
1-1: Ball
2-1: 2-RUN HOME RUN (Flyball, 89XD, EV 103.1 MPH), Distance : 411 ft
Batting: RHB Liu-liang Lei 0-0: Called Strike
0-1: Called Strike
0-2: Ball
1-2: Foul Ball, location: 2F
1-2: Foul Ball, location: 2F
1-2: Foul Ball, location: 2F
1-2: Fly out, F9 (Flyball, 9D, EV 100.0 MPH)
Batting: SHB Ismael Bello 0-0: Ball
1-0: SINGLE (Line Drive, 9LS, EV 101.9 MPH)
Batting: RHB Sumiki Ryu 0-0: Called Strike
0-1: Called Strike
0-2: Strikes out swinging
Bottom of the 6th over - 2 runs, 2 hits, 0 errors, 1 left on base; Toledo 4 - Tacoma 3
TOP OF THE 7TH
Toledo Mud Hens batting - Pitching for Tacoma Rainiers : RHP Justin Wilkins
Batting: RHB Zach Koblinski 0-0: Foul Ball, location: 2F
0-1: Swinging Strike
0-2: Ball
1-2: Ball
2-2: Foul Ball, location: 2F
2-2: Strikes out swinging
Batting: RHB Paul Wood 0-0: Ball
1-0: SINGLE (Line Drive, 89S, EV 94.4 MPH)
Batting: RHB Casey Knutson 0-0: Ball
1-0: Fly out, F8 (Line Drive, 8LD, EV 98.1 MPH)
Batting: RHB Joel Miller 0-0: Ball
1-0: Ball
2-0: Ball
3-0: Foul Ball, location: 2F
3-1: Base on Balls
Paul Wood to second
Pitching: LHP Alex Villagran
Batting: SHB Adam Weber 0-0: Ball
1-0: Ground out 3-1 (Groundball, 34S, EV 83.1 MPH)
Top of the 7th over - 0 runs, 1 hit, 0 errors, 2 left on base; Toledo 4 - Tacoma 3
BOTTOM OF THE 7TH
Tacoma Rainiers batting - Pitching for Toledo Mud Hens : RHP Jason Williams
Batting: RHB Matt Berkley 0-0: DOUBLE (Line Drive, 9LD, EV 107.5 MPH)
Pinch Hitting: RHB Ivan Colon 0-0: Ball
1-0: Called Strike
1-1: Swinging Strike
1-2: Strikes out swinging
Pitching: LHP Matt Granados
Batting: SHB Tony de Lara 0-0: Ground out 6-3 (Groundball, 6, EV 88.1 MPH)
Batting: RHB Kevin Chafe 0-0: Ball
1-0: Foul Ball, location: 2F
1-1: Fly out, F7 (Flyball, 7LS, EV 86.9 MPH)
Bottom of the 7th over - 0 runs, 1 hit, 0 errors, 1 left on base; Toledo 4 - Tacoma 3
TOP OF THE 8TH
Toledo Mud Hens batting - Pitching for Tacoma Rainiers : LHP Alex Villagran
Now at 2B: Ivan Colon
Batting: SHB Raul Morales 0-0: Ball
1-0: Swinging Strike
1-1: Ball
2-1: Fly out, F8 (Line Drive, 8LM, EV 86.9 MPH)
Batting: LHB Andy Schumacher 0-0: Called Strike
0-1: Called Strike
0-2: Ball
1-2: Foul Ball, location: 2F
1-2: Reached on error, E1 (Groundball, 13S, EV 67.5 MPH)
Batting: RHB Tim Borden 0-0: Called Strike
0-1: Foul Ball, location: 2F
0-2: Ball
1-2: Ball
2-2: Ball
3-2: Foul Ball, location: 2F
3-2: Strikes out looking
Batting: SHB Jamie Roberts 0-0: Ball
1-0: Ball
2-0: Ball
3-0: Called Strike
3-1: Foul Ball, location: 2F
3-2: Strikes out looking
Top of the 8th over - 0 runs, 0 hits, 1 error, 1 left on base; Toledo 4 - Tacoma 3
BOTTOM OF THE 8TH
Tacoma Rainiers batting - Pitching for Toledo Mud Hens : LHP Matt Granados
Batting: RHB Eddie LaRose 0-0: SINGLE (Flyball, 89S, EV 97.5 MPH)
Batting: LHB Cliff Thomas 0-0: Ball
1-0: Fly out, F9 (Flyball, 89D, EV 105.6 MPH)
Batting: RHB Liu-liang Lei 0-0: Foul Ball, location: 2F
0-1: Foul Ball, location: 2F
0-2: Foul Ball, location: 2F
0-2: Ball
1-2: Strikes out swinging
Pinch Hitting: RHB Tatsunori Hayakawa 0-0: Foul Ball, location: 2F
0-1: Foul Ball, location: 2F
0-2: Strikes out swinging
Bottom of the 8th over - 0 runs, 1 hit, 0 errors, 1 left on base; Toledo 4 - Tacoma 3
TOP OF THE 9TH
Toledo Mud Hens batting - Pitching for Tacoma Rainiers : LHP Alex Villagran
Pitching: RHP Dave McGee
Now in LF: David Aguilar
Now in RF: Cliff Thomas
Batting: RHB Zach Koblinski 0-0: Ball
1-0: Ball
2-0: Called Strike
2-1: SINGLE (Line Drive, 6M, EV 96.9 MPH)
Batting: RHB Paul Wood 0-0: Called Strike
0-1: Foul Ball, location: 2F
0-2: Strikes out swinging
Batting: RHB Casey Knutson 0-0: Ball
1-0: Called Strike
1-1: Fielders Choice at 2nd, 2-6 (Groundball, 13S, EV 68.8 MPH)
Batting: RHB Joel Miller 0-0: Called Strike
0-1: Foul Ball, location: 2F
0-2: Foul Ball, location: 2F
0-2: Ball
1-2: Foul Ball, location: 2F
1-2: Ground out 4-3 (Groundball, 34, EV 88.8 MPH)
Top of the 9th over - 0 runs, 1 hit, 0 errors, 1 left on base; Toledo 4 - Tacoma 3
BOTTOM OF THE 9TH
Tacoma Rainiers batting - Pitching for Toledo Mud Hens : LHP Matt Granados
Pitching: RHP Will Lane
Batting: RHB Sumiki Ryu 0-0: Ball
1-0: Called Strike
1-1: Foul Ball, location: 2F
1-2: Strikes out swinging
Batting: RHB Matt Berkley 0-0: Ground out 6-3 (Groundball, 6, EV 107.5 MPH)
Batting: RHB Ivan Colon 0-0: Ball
1-0: SINGLE (Flyball, 8RS, EV 90.0 MPH)
Batting: SHB Tony de Lara 0-0: Ball
1-0: Fly out, F8 (Flyball, 8RM, EV 72.5 MPH)
Bottom of the 9th over - 0 runs, 1 hit, 0 errors, 1 left on base; Toledo 4 - Tacoma 3
Wednesday, June 22nd , 2022 - OOTP Baseball 23.4 Build 64